AoeStats
← carlosddtf

Arabia

503888733Analyzed
1v1 RM · 1mo ago on Sep 2, 2026· 21m 59s· 2 players
Game mode
Random Map
Map size
Tiny (2 player)
Population
200
Speed
Normal
Resources
Standard
Victory
Conquest
Starting age
Dark Age
Ending age
Imperial Age
RankedLock teamsTeams togetherTeam positionsShared explorationLock speedFull tech treeHidden civsTurbo modeCheats
Victory
Defeat
🇪🇸 Spanish · Spain
838
+17
🇪🇸 Wei · Spain
870
-17
carlosddtf
0:34 Loom
10:50 Feudal Age
11:52 Double-Bit Axe
11:51 Man-at-Arms
13:19 Forging
18:05 Arson
20:43 Wheelbarrow
21:19 Town Watch
Toniviking
2:01 Loom
6:20 Loom
9:16 Feudal Age
9:54 Double-Bit Axe
10:02 Horse Collar
11:29 Town Watch
23:48 Castle Age
Connection lost

Rejoining the realm…

Still unreachable

The connection could not be restored.

Session expired

The server has moved on; the page needs a fresh start.